PAAA
CALGARY LYNX @ ROYSE CITY TARGARYENS
08/18/2025
 
TOP OF THE 1ST
Calgary Lynx batting - Pitching for Royse City Targaryens : RHP Ryan Ingram
Pitching: RHP Ryan Ingram
Batting: SHB Lowell Moon 0-0: Ball
1-0: Swinging Strike
1-1: Ball
2-1: Fly out, F7 (Line Drive, 7)
Batting: LHB Miguel Zúñiga 0-0: SINGLE (Flyball, 78S)
Batting: RHB Jesús Martínez 0-0: Ball
1-0: Called Strike
1-1: Fly out, F9 (Flyball, 89S)
Batting: RHB Álex Estrada 0-0: Called Strike
0-1: Foul Ball, location: 2F
0-2: Ball
1-2: Ground out 5-3 (Groundball, 56S)
Top of the 1st over - 0 run(s), 1 hit(s), 0 error(s), 1 left on base; Calgary 0 - Royse City 0
BOTTOM OF THE 1ST
Royse City Targaryens batting - Pitching for Calgary Lynx : RHP Juan López
Pitching: RHP Juan López
Batting: LHB José Vargas 0-0: Ball
1-0: SOLO HOME RUN (Flyball, 9D), Distance : 331 ft
Batting: RHB Javier Rivera 0-0: Ground out 5-3 (Groundball, 56S)
Batting: LHB José Tamayo 0-0: Called Strike
0-1: Ball
1-1: Ball
2-1: Ball
3-1: Foul Ball, location: 2F
3-2: Base on Balls
Batting: RHB Tomás Martínez 0-0: Ball
1-0: Foul Ball, location: 2F
1-1: Ball
2-1: DOUBLE (Flyball, 8LD)
José Tamayo to third
Runner from 3rd tries for Home, SAFE, no throw
Batting: LHB Jon Baxter 0-0: Ball
1-0: Ball
2-0: Ball
3-0: Base on Balls
Batting: LHB Cisco Padilla 0-0: Foul Ball, location: 2F
0-1: Foul Ball, location: 2F
0-2: Ball
1-2: Foul Ball, location: 2F
1-2: Ball
2-2: Ball
3-2: SINGLE (Line Drive, 56D)
Tomás Martínez to third
Jon Baxter to second
Batting: RHB Tony Martínez 0-0: Ball
1-0: Fielders Choice at 2nd, 6-4 (Groundball, 6)
Tomás Martínez scores
Jon Baxter to third
Batting: RHB Fernando Rivera 0-0: Called Strike
0-1: DOUBLE (Flyball, 78D)
Jon Baxter scores
Tony Martínez to third
Batting: LHB Jorge Garza 0-0: Ball
1-0: Foul Ball, location: 2F
1-1: Ball
2-1: Swinging Strike
2-2: Foul Ball, location: 2F
2-2: Strikes out looking
Bottom of the 1st over - 4 run(s), 4 hit(s), 0 error(s), 2 left on base; Calgary 0 - Royse City 4
TOP OF THE 2ND
Calgary Lynx batting - Pitching for Royse City Targaryens : RHP Ryan Ingram
Batting: LHB Thomas Campbell 0-0: Ball
1-0: Called Strike
1-1: Foul Ball, location: 2F
1-2: Strikes out swinging
Batting: RHB Hieu De 0-0: Called Strike
0-1: Ball
1-1: Called Strike
1-2: SINGLE (Flyball, 78S)
Batting: RHB Ramón Cabral 0-0: Called Strike
0-1: Called Strike
0-2: Ball
1-2: Ball
2-2: Ball
3-2: Foul Ball, location: 2F
3-2: Base on Balls
Hieu De to second
Batting: SHB Eric O'Neill 0-0: Called Strike
0-1: DOUBLE (Flyball, 78D)
Hieu De scores
Ramón Cabral to third
Batting: RHB Chris Woodruff 0-0: Called Strike
0-1: Swinging Strike
0-2: Foul Ball, location: 2F
0-2: Ball
1-2: SINGLE (Line Drive, 56)
Ramón Cabral scores
Eric O'Neill to third
Batting: SHB Lowell Moon 0-0: Called Strike
0-1: Fielders Choice at 2nd, 1-6 (Groundball, P)
Batting: LHB Miguel Zúñiga 0-0: Swinging Strike
0-1: Ball
1-1: Swinging Strike
1-2: Ball
Lowell Moon is caught stealing 2nd base
Top of the 2nd over - 2 run(s), 3 hit(s), 0 error(s), 0 left on base; Calgary 2 - Royse City 4
BOTTOM OF THE 2ND
Royse City Targaryens batting - Pitching for Calgary Lynx : RHP Juan López
Batting: LHB José Vargas 0-0: Swinging Strike
0-1: Ball
1-1: Foul Ball, location: 2F
1-2: Fly out, F2 (Popup, 13S)
Batting: RHB Javier Rivera 0-0: Swinging Strike
0-1: Foul Ball, location: 2F
0-2: Ball
1-2: Ball
2-2: Ball
3-2: Base on Balls
Batting: LHB José Tamayo 0-0: Ball
1-0: Ball
2-0: Foul Ball, location: 2F
2-1: Foul Ball, location: 2F
2-2: Fly out, F9 (Flyball, 89M)
Batting: RHB Tomás Martínez 0-0: Ball
1-0: Called Strike
1-1: Fielders Choice at 2nd, 6-4 (Groundball, 6)
Bottom of the 2nd over - 0 run(s), 0 hit(s), 0 error(s), 0 left on base; Calgary 2 - Royse City 4
TOP OF THE 3RD
Calgary Lynx batting - Pitching for Royse City Targaryens : RHP Ryan Ingram
Batting: LHB Miguel Zúñiga 0-0: Fly out, F7 (Flyball, 7S)
Batting: RHB Jesús Martínez 0-0: Foul Ball, location: 2F
0-1: SOLO HOME RUN (Flyball, 7D), Distance : 366 ft
Batting: RHB Álex Estrada 0-0: Called Strike
0-1: Foul Ball, location: 2F
0-2: Foul Ball, location: 2F
0-2: Ball
1-2: Foul Ball, location: 2F
1-2: Fly out, F9 (Flyball, 9S)
Batting: LHB Thomas Campbell 0-0: Ball
1-0: Called Strike
1-1: Swinging Strike
1-2: Strikes out swinging
Top of the 3rd over - 1 run(s), 1 hit(s), 0 error(s), 0 left on base; Calgary 3 - Royse City 4
BOTTOM OF THE 3RD
Royse City Targaryens batting - Pitching for Calgary Lynx : RHP Juan López
Batting: LHB Jon Baxter 0-0: Ball
1-0: Called Strike
1-1: Ball
2-1: Foul Ball, location: 2F
2-2: Foul Ball, location: 2F
2-2: Ground out 4-3 (Groundball, 4)
Batting: LHB Cisco Padilla 0-0: Ball
1-0: Foul Ball, location: 2F
1-1: Ball
2-1: SOLO HOME RUN (Flyball, 8RXD), Distance : 424 ft
Batting: RHB Tony Martínez 0-0: Ball
1-0: Ball
2-0: Called Strike
2-1: Foul Ball, location: 2F
2-2: Ball
3-2: Ground out 6-3 (Groundball, 6)
Batting: RHB Fernando Rivera 0-0: SINGLE (Line Drive, 8RS)
Batting: LHB Jorge Garza 0-0: Ball
1-0: Ball
2-0: Ball
3-0: Called Strike
3-1: Base on Balls
Fernando Rivera to second
Batting: LHB José Vargas 0-0: Ball
1-0: Ball
2-0: 3-RUN HOME RUN (Flyball, 78XD), Distance : 412 ft
Pitching: RHP Jorge Rivas
Batting: RHB Javier Rivera 0-0: Called Strike
0-1: Ball
1-1: Foul Ball, location: 2F
1-2: Ground out 5-3 (Groundball, 56S)
Bottom of the 3rd over - 4 run(s), 3 hit(s), 0 error(s), 0 left on base; Calgary 3 - Royse City 8
TOP OF THE 4TH
Calgary Lynx batting - Pitching for Royse City Targaryens : RHP Ryan Ingram
Batting: RHB Hieu De 0-0: Ball
1-0: SINGLE (Groundball, 6MD)
Batting: RHB Ramón Cabral 0-0: Foul Ball, location: 2F
0-1: Ball
1-1: Ball
2-1: Ball
3-1: Swinging Strike
3-2: Foul Ball, location: 2F
3-2: Fly out, F7 (Flyball, 7)
Batting: SHB Eric O'Neill 0-0: Ball
1-0: Ball
2-0: Ball
3-0: Base on Balls
Hieu De to second
Batting: RHB Chris Woodruff 0-0: Foul Ball, location: 2F
0-1: Foul Ball, location: 2F
0-2: Ball
1-2: Ball
2-2: Strikes out looking
Batting: SHB Lowell Moon 0-0: Ball
1-0: SINGLE (Groundball, 4MD)
Hieu De to third
Eric O'Neill to second
Runner from 3rd tries for Home, SAFE, throw made home
Batting: LHB Miguel Zúñiga 0-0: Called Strike
0-1: Swinging Strike
0-2: Fielders Choice at 2nd, 4-6 (Groundball, 4)
Top of the 4th over - 1 run(s), 2 hit(s), 0 error(s), 1 left on base; Calgary 4 - Royse City 8
BOTTOM OF THE 4TH
Royse City Targaryens batting - Pitching for Calgary Lynx : RHP Jorge Rivas
Batting: LHB José Tamayo 0-0: Swinging Strike
0-1: Ball
1-1: Ball
2-1: Ball
3-1: Fly out, F8 (Flyball, 8RS)
Batting: RHB Tomás Martínez 0-0: Foul Ball, location: 2F
0-1: Ball
1-1: Ball
2-1: Swinging Strike
2-2: Strikes out swinging
Batting: LHB Jon Baxter 0-0: Ball
1-0: Ball
2-0: Ball
3-0: Base on Balls
Batting: LHB Cisco Padilla 0-0: Ball
1-0: Called Strike
1-1: Ball
2-1: Ball
3-1: Foul Ball, location: 2F
3-2: Base on Balls
Jon Baxter to second
Batting: RHB Tony Martínez 0-0: Called Strike
0-1: Ball
1-1: Swinging Strike
1-2: Ball
2-2: Strikes out swinging
Bottom of the 4th over - 0 run(s), 0 hit(s), 0 error(s), 2 left on base; Calgary 4 - Royse City 8
TOP OF THE 5TH
Calgary Lynx batting - Pitching for Royse City Targaryens : RHP Ryan Ingram
Batting: RHB Jesús Martínez 0-0: Fly out, F8 (Line Drive, 78M)
Batting: RHB Álex Estrada 0-0: Ball
1-0: SINGLE (Line Drive, 34D)
Batting: LHB Thomas Campbell 0-0: Ball
1-0: Swinging Strike
Álex Estrada is caught stealing 2nd base
1-1: Ball
2-1: Foul Ball, location: 2F
2-2: Ball
3-2: Strikes out swinging
Top of the 5th over - 0 run(s), 1 hit(s), 0 error(s), 0 left on base; Calgary 4 - Royse City 8
BOTTOM OF THE 5TH
Royse City Targaryens batting - Pitching for Calgary Lynx : RHP Jorge Rivas
Batting: RHB Fernando Rivera 0-0: Ball
1-0: Foul Ball, location: 2F
1-1: Ground out 6-3 (Groundball, 6)
Batting: LHB Jorge Garza 0-0: Ball
1-0: Ball
2-0: Foul Ball, location: 2F
2-1: Ground out 4-3 (Groundball, 4M)
Batting: LHB José Vargas 0-0: Foul Ball, location: 2F
0-1: Foul Ball, location: 2F
0-2: Ball
1-2: Strikes out swinging, 2-3 out at first.
Bottom of the 5th over - 0 run(s), 0 hit(s), 0 error(s), 0 left on base; Calgary 4 - Royse City 8
TOP OF THE 6TH
Calgary Lynx batting - Pitching for Royse City Targaryens : RHP Ryan Ingram
Batting: RHB Hieu De 0-0: Called Strike
0-1: Ball
1-1: Ball
2-1: SINGLE (Groundball, 56D)
Batting: RHB Ramón Cabral 0-0: Called Strike
0-1: Ball
1-1: Fly out, F8 (Flyball, 8LM)
Batting: SHB Eric O'Neill 0-0: Called Strike
0-1: Ball
1-1: Swinging Strike
1-2: Ball
2-2: Foul Ball, location: 2F
2-2: Strikes out swinging
Batting: RHB Chris Woodruff 0-0: Called Strike
0-1: Fielders Choice at 2nd, 4-6 (Groundball, 4D)
Top of the 6th over - 0 run(s), 1 hit(s), 0 error(s), 0 left on base; Calgary 4 - Royse City 8
BOTTOM OF THE 6TH
Royse City Targaryens batting - Pitching for Calgary Lynx : RHP Jorge Rivas
Batting: RHB Javier Rivera 0-0: Called Strike
0-1: Swinging Strike
0-2: Ball
1-2: Foul Ball, location: 2F
1-2: Foul Ball, location: 2F
1-2: SINGLE (Flyball, 7S) - OUT at second base trying to stretch hit.
Batting: LHB José Tamayo 0-0: Ball
1-0: Ground out U3 (Groundball, 34)
Batting: RHB Tomás Martínez 0-0: Ground out 6-3 (Groundball, 6)
Bottom of the 6th over - 0 run(s), 1 hit(s), 0 error(s), 0 left on base; Calgary 4 - Royse City 8
TOP OF THE 7TH
Calgary Lynx batting - Pitching for Royse City Targaryens : RHP Ryan Ingram
Batting: SHB Lowell Moon 0-0: Foul Ball, location: 2F
0-1: Ball
1-1: DOUBLE (Line Drive, 8RXD)
Batting: LHB Miguel Zúñiga 0-0: Ball
1-0: Ball
2-0: Ball
3-0: Base on Balls
Batting: RHB Jesús Martínez 0-0: Called Strike
0-1: Ball
1-1: Foul Ball, location: 2F
1-2: Grounds into double play, 4-6-3 (Groundball, 4)
Lowell Moon to third
Batting: RHB Álex Estrada 0-0: Ground out 6-3 (Groundball, 6)
Top of the 7th over - 0 run(s), 1 hit(s), 0 error(s), 1 left on base; Calgary 4 - Royse City 8
BOTTOM OF THE 7TH
Royse City Targaryens batting - Pitching for Calgary Lynx : RHP Jorge Rivas
Batting: LHB Jon Baxter 0-0: Foul Ball, location: 2F
0-1: Ball
1-1: Ball
2-1: Foul Ball, location: 2F
2-2: Foul Ball, location: 2F
2-2: Ball
3-2: Fly out, F7 (Flyball, 7S)
Pitching: LHP Elroy Gardner
Batting: LHB Cisco Padilla 0-0: Foul Ball, location: 2F
0-1: Fly out, F7 (Flyball, 7S)
Batting: RHB Tony Martínez 0-0: Ball
1-0: Ball
2-0: Foul Ball, location: 2F
2-1: Foul Ball, location: 2F
2-2: Foul Ball, location: 2F
2-2: Foul Ball, location: 2F
2-2: SINGLE (Line Drive, 34D)
Batting: RHB Fernando Rivera 0-0: Called Strike
0-1: Called Strike
0-2: Ground out 4-3 (Groundball, 4S)
Bottom of the 7th over - 0 run(s), 1 hit(s), 0 error(s), 1 left on base; Calgary 4 - Royse City 8
TOP OF THE 8TH
Calgary Lynx batting - Pitching for Royse City Targaryens : RHP Ryan Ingram
Batting: LHB Thomas Campbell 0-0: Swinging Strike
0-1: Ball
1-1: Ball
2-1: Foul Ball, location: 2F
2-2: SOLO HOME RUN (Line Drive, 89XD), Distance : 389 ft
Batting: RHB Hieu De 0-0: Foul Ball, location: 2F
0-1: Ball
1-1: Called Strike
1-2: Ground out 6-3 (Groundball, 6)
Pitching: RHP Jim Unknown
Batting: RHB Ramón Cabral 0-0: Fly out, F9 (Flyball, 9S)
Batting: SHB Eric O'Neill 0-0: Ground out 5-3 (Groundball, 56)
Top of the 8th over - 1 run(s), 1 hit(s), 0 error(s), 0 left on base; Calgary 5 - Royse City 8
BOTTOM OF THE 8TH
Royse City Targaryens batting - Pitching for Calgary Lynx : LHP Elroy Gardner
Batting: LHB Jorge Garza 0-0: Ball
1-0: Ball
2-0: Foul Ball, location: 2F
2-1: Swinging Strike
2-2: Strikes out swinging
Batting: LHB José Vargas 0-0: Ball
1-0: Called Strike
1-1: Swinging Strike
1-2: Ball
2-2: Ball
3-2: Base on Balls
Batting: RHB Javier Rivera 0-0: Ball
1-0: Foul Ball, location: 2F
1-1: Foul Ball, location: 2F
1-2: Foul Ball, location: 2F
1-2: Ground out 5-3 (Groundball, 56D)
José Vargas to second
Batting: LHB José Tamayo 0-0: Foul Ball, location: 2F
0-1: Ball
1-1: Ball
2-1: Ground out 5-3 (Groundball, 56)
Bottom of the 8th over - 0 run(s), 0 hit(s), 0 error(s), 1 left on base; Calgary 5 - Royse City 8
TOP OF THE 9TH
Calgary Lynx batting - Pitching for Royse City Targaryens : RHP Jim Unknown
Batting: RHB Chris Woodruff 0-0: Called Strike
0-1: Swinging Strike
0-2: Ball
1-2: Foul Ball, location: 2F
1-2: Ball
2-2: Foul Ball, location: 2F
2-2: Foul Ball, location: 2F
2-2: SINGLE (Line Drive, 34D)
Batting: SHB Lowell Moon 0-0: Ball
1-0: Ball
2-0: Fly out, F9 (Line Drive, 89D)
Batting: LHB Miguel Zúñiga 0-0: Called Strike
0-1: Ball
1-1: Called Strike
1-2: DOUBLE (Line Drive, 9LM)
Chris Woodruff to third
Batting: RHB Jesús Martínez 0-0: Called Strike
0-1: Ball
1-1: Ball
2-1: Swinging Strike
2-2: Ball
3-2: Base on Balls
Batting: RHB Álex Estrada 0-0: Ball
1-0: Foul Ball, location: 2F
1-1: Swinging Strike
1-2: Strikes out looking
Batting: LHB Thomas Campbell 0-0: Ball
1-0: Foul Ball, location: 2F
1-1: Fly out, F8 (Flyball, 8RM)
Top of the 9th over - 0 run(s), 2 hit(s), 0 error(s), 3 left on base; Calgary 5 - Royse City 8
Friday, December 30th, 2016 - OOTP Baseball 17.12 Build 75